 Dungeon Crawl Stone Soup version 0.29.0-4-gdea44cf6ec (webtiles) character file.

Game seed: 9129771760197861384

98 qw the Chopper (level 4, -1/25 (26) HPs)
             Began as a Tengu Warper on Aug 28, 2022.
             Slain by a gnoll
             ... wielding a +1 vorpal flail
              (8 damage)
             ... on level 4 of the Dungeon.
             The game lasted 00:00:17 (2648 turns).

qw the Chopper (Tengu Warper)                       Turns: 2648, Time: 00:00:18

HP:   -1/25 (26)    AC:  7    Str: 13    XL:     4   Next: 69%
MP:   8/8           EV:  9    Int: 13    God:
Gold: 184           SH:  5    Dex: 14    Spells: 7/7 levels left

rFire   . . .      SeeInvis .   Y - +0 war axe (flame)
rCold   . . .      Faith    .   (no shield)
rNeg    . . .      Spirit   .   f - +0 scale mail
rPois   .          Reflect  +   (helmet restricted)
rElec   .          Harm     .   j - +0 cloak
rCorr   .          Rampage  .   (no gloves)
Will    .....                   (boots unavailable)
Stlth   ..........              p - amulet of reflection
HPRegen 0.08/turn               (no ring)
MPRegen 0.11/turn               (no ring)

@: lightly drained
A: beak, talons 3
a: no special abilities


You were on level 4 of the Dungeon.
You visited 1 branch of the dungeon, and saw 4 of its levels.

You collected 184 gold pieces.


Innate Abilities, Weirdness & Mutations

You have a beak for a mouth.
You have claws for feet.


   Skills:
 - Level 2.0 Fighting
 + Level 5.2 Axes
 - Level 1.0 Throwing
 - Level 1.1 Armour
 - Level 2.1 Dodging
 - Level 2.0 Spellcasting
 - Level 2.4 Translocations


You had 7 spell levels left.
You didn't know any spells.
Your spell library contained the following spells:

 Spells                   Type           Power      Damage    Failure   Level
 Blink                    Tloc           14%        N/A       56%         2
 Gell's Gravitas          Tloc           7%         N/A       80%         3
 Lesser Beckoning         Tloc           7%         N/A       80%         3
 Teleport Other           Tloc           7%         N/A       80%         3
 Manifold Assault         Tloc           7%         N/A       100%        5

Inventory:

Hand Weapons
 Y - a +0 war axe of flaming (weapon)
Missiles
 e - 3 boomerangs
 g - 3 javelins (quivered)
Armour
 f - a +0 scale mail (worn)
 j - a +0 cloak (worn)
Jewellery
 p - an amulet of reflection (around neck)
Scrolls
 l - a scroll of identify
Potions
 b - a potion of cancellation
 d - 5 potions of curing
 h - a potion of haste {unknown}
 i - 2 potions of heal wounds
 k - a potion of brilliance {unknown}
 m - a potion of attraction {unknown}

Dungeon Overview and Level Annotations

Branches:
Dungeon (4/15)
 Temple: D:4-7

Altars:
Hepliaklqana
Trog
Uskayaw
Xom

Annotations:
D:3 1 runed translucent door, qw's ghost, amateur TeWr


Message History

The goblin shouts!
2636 ||| Stepping ~*~*~tactically~*~*~ (stealth).
You flicker for a moment.
A goblin and a gnoll come into view.
The gnoll is wielding a +1 vorpal flail.
The goblin shouts!
The gnoll shouts!
2638 ||| Stepping ~*~*~tactically~*~*~ (stealth).
The gnoll shouts!
You block the goblin's attack.
You catch the helpless goblin completely off-guard!
You hit the goblin. You burn the goblin. You claw the goblin.
You kill the goblin!
You flicker back into view.
The gnoll shouts!
Throw: 4 javelins
Press: ? - help, Q - select action, (/) - cycle Shift-Dir - straight line, f - gnoll You throw a javelin.
The javelin pierces through the gnoll.
The gnoll is moderately wounded.
A gnoll comes into view. It is wielding a +0 spear.
2642 ||| Stepping ~*~*~tactically~*~*~ (stealth).
You hit the gnoll. You burn the gnoll. You claw the gnoll.
You kill the gnoll!
You closely miss the gnoll. You claw the gnoll, but do no damage.
The gnoll hits you with a +1 vorpal flail!
You barely miss the gnoll. The gnoll closely misses you.
The gnoll shouts!
You slash the gnoll! You burn the gnoll. You claw the gnoll.
You peck the gnoll, but do no damage.
The gnoll is almost dead.
The gnoll hits you from afar with a +0 spear.
The gnoll hits you with a +1 vorpal flail.
You barely miss the gnoll. You claw the gnoll, but do no damage.
You peck the gnoll, but do no damage.
The gnoll is almost dead.
The gnoll hits you from afar with a +0 spear.
The gnoll hits you with a +1 vorpal flail.
You block the gnoll's attack.
The gnoll hits you with a +1 vorpal flail!
You die...

##########
g..g(.g..#
#g.# #@.#
#..# #..#
#..########
#........<#
#.#########
#........
#########


You could see 2 gnolls.

Vanquished Creatures
  A gnoll (D:4)
  2 adders
  An endoplasm (D:1)
  7 giant cockroaches
  6 goblins
  8 hobgoblins
  4 jackals (D:1)
  4 kobolds
  4 quokkas
  8 ball pythons
  11 bats
  3 frilled lizards
  3 rats
  A spectral kobold (D:3)
63 creatures vanquished.

Vanquished Creatures (others)
  A plant (D:3)
1 creature vanquished.

Grand Total: 64 creatures vanquished

Notes
Turn   | Place    | Note
-------+----------+-------------------------------------------
     0 | D:1      | qw the Tengu Warper began the quest for the Orb.
     0 | D:1      | Reached XP level 1. HP: 12/12 MP: 4/4
     0 | D:1      | 0 ||| qw: Version: 0.1-a-89-g26bdef1
     0 | D:1      | 0 ||| qw: Game counter: 2883
     0 | D:1      | 0 ||| qw: Always use a shield: true
     0 | D:1      | 0 ||| qw: God list: Okawaru
     0 | D:1      | 0 ||| qw: Allow faded altars: false
     0 | D:1      | 0 ||| qw: Do Orc after D:15 true
     0 | D:1      | 0 ||| qw: Do second Lair branch before Depths: true
     0 | D:1      | 0 ||| qw: Lair rune preference: random
     0 | D:1      | 0 ||| qw: Plans: Normal
     0 | D:1      | 0 ||| PLANNING D:1-11
   204 | D:1      | 204 ||| Stepping ~*~*~tactically~*~*~ (stealth).
   205 | D:1      | 205 ||| Stepping ~*~*~tactically~*~*~ (stealth).
   213 | D:1      | HP: 3/12 [jackal (1)]
   214 | D:1      | Reached XP level 2. HP: 5/17 MP: 6/6
   215 | D:1      | Reached skill level 3 in Axes
   231 | D:1      | 231 ||| Stepping ~*~*~tactically~*~*~ (stealth).
   608 | D:1      | Found a faded altar of an unknown god.
   851 | D:1      | Reached XP level 3. HP: 16/21 MP: 7/7
   940 | D:1      | 940 ||| UPGRADING to +0 cloak.
   945 | D:1      | 945 ||| READING scroll labelled UTUESI PATO.
   948 | D:1      | 948 ||| READING scroll labelled KEUQEN JUKONWO.
   949 | D:1      | 949 ||| READING scroll labelled LILITE URIESE.
   950 | D:1      | 950 ||| READING scroll labelled QYNEUW BATOKIC.
   951 | D:1      | 951 ||| READING scroll labelled XYOPHY CU ASON.
   952 | D:1      | 952 ||| READING scroll labelled YVA KEOF AKH.
   953 | D:1      | 953 ||| DRINKING 2 orange potions.
   954 | D:1      | 954 ||| DROPPING scroll of blinking.
   955 | D:1      | 955 ||| Stepping randomly (stuck).
   956 | D:1      | 956 ||| Stepping ~*~*~tactically~*~*~ (cloud).
  1193 | D:2      | Found a shimmering altar of Xom.
  1198 | D:2      | 1198 ||| STAIRDANCE
  1328 | D:2      | 1328 ||| SWAPPING to +0 war axe.
  1329 | D:2      | 1329 ||| DROPPING +0 hand axe.
  1349 | D:2      | 1349 ||| Stepping ~*~*~tactically~*~*~ (stealth).
  1357 | D:2      | 1357 ||| Stepping ~*~*~tactically~*~*~ (stealth).
  1359 | D:2      | 1359 ||| Stepping ~*~*~tactically~*~*~ (stealth).
  1373 | D:2      | Reached skill level 4 in Axes
  1770 | D:2      | Reached XP level 4. HP: 14/26 MP: 8/8
  1967 | D:2      | 1967 ||| UPGRADING to +0 ring mail.
  1977 | D:2      | 1977 ||| DROPPING +0 leather armour.
  1978 | D:2      | 1978 ||| UPGRADING to amulet of reflection.
  1983 | D:2      | 1983 ||| READING scroll labelled IDINIA MU XUM.
  1984 | D:2      | 1984 ||| DROPPING +0 whip.
  1985 | D:2      | 1985 ||| READING scroll labelled LIBUAB TENIN.
  1986 | D:2      | 1986 ||| READING scroll labelled JOGIAWN IGYNK.
  1987 | D:2      | 1987 ||| DRINKING 4 green potions.
  1998 | D:3      | Found a runed translucent door.
  2000 | D:3      | Noticed qw's ghost (amateur TeWr)
  2252 | D:3      | Reached skill level 5 in Axes
  2343 | D:3      | Found a hazy altar of Hepliaklqana.
  2406 | D:3      | 2406 ||| UPGRADING to +0 scale mail.
  2477 | D:3      | 2477 ||| DROPPING +0 ring mail.
  2564 | D:3      | Found a bloodstained altar of Trog.
  2564 | D:3      | Found a hide-covered altar of Uskayaw.
  2596 | D:3      | 2596 ||| DRINKING 2 fizzy purple potions.
  2597 | D:3      | 2597 ||| READING 3 scrolls of identify.
  2597 | D:3      | 2597 ||| IDENTIFYING golden potion
  2598 | D:3      | 2598 ||| READING 2 scrolls of identify.
  2598 | D:3      | 2598 ||| IDENTIFYING glowing black potion
  2599 | D:3      | 2599 ||| DROPPING potion of flight.
  2600 | D:3      | 2600 ||| DROPPING potion of invisibility.
  2632 | D:4      | 2632 ||| Stepping ~*~*~tactically~*~*~ (stealth).
  2634 | D:4      | 2634 ||| Stepping ~*~*~tactically~*~*~ (stealth).
  2636 | D:4      | 2636 ||| Stepping ~*~*~tactically~*~*~ (stealth).
  2638 | D:4      | 2638 ||| Stepping ~*~*~tactically~*~*~ (stealth).
  2642 | D:4      | 2642 ||| Stepping ~*~*~tactically~*~*~ (stealth).
  2648 | D:4      | Slain by a gnoll

Levels and vault maps discovered:
D:1:      tarquinn_simple_flora_water_f, layout_rooms,
          ebering_ecumenical_altar_petrified, minmay_pentomino_z2
D:2:      layout_rooms, basic_altar, minmay_worlds_worst_comb
D:3:      cheibrodos_old_hovel, layout_rooms, gammafunk_temple_overflow_wave,
          nicolae_hepliaklqana_monster_ancestors, hellmonk_ghost_happy_afterlife
D:4:      layout_basic

Skill      XL: |  1  2  3  4 |
---------------+-------------+-----
Axes           | 3 4 5 |  5.2
Fighting       | |  2.0
Throwing       | |  1.0
Armour         | |  1.1
Dodging        | |  2.1
Spellcasting   | |  2.0
Translocations | |  2.4

Action                   |  1- 3 |  4- 6 || total
-------------------------+-------+-------++-------
Melee: Hand axe          |    50 |       ||    50
       Kick              |    18 |    13 ||    31
       Punch             |     2 |       ||     2
       Peck              |     6 |     8 ||    14
       War axe           |    49 |    40 ||    89
Throw: Boomerang         |     7 |     4 ||    11
       Javelin           |       |     2 ||     2
  Use: Scroll            |     6 |     5 ||    11
       Potion            |     1 |     2 ||     3
 Stab: Invisible         |       |     1 ||     1
Armor: Leather armour    |    43 |     1 ||    44
       Ring mail         |       |     5 ||     5
       Scale mail        |       |     2 ||     2
Dodge: Dodged            |    73 |    14 ||    87
Block: Other             |       |    10 ||    10

Table legend:
 A = Non-vault XP
 B = Vault XP
 C = Vault XP percentage of total XP
 D = Non-vault monster count
 E = Vault monster count
 F = Vault count percentage of total count
                 A         B        C        D         E       F
            +---------+---------+-------+---------+---------+-------
      Total |     121 |      19 |  13.6 |      53 |      10 |  15.9
            +---------+---------+-------+---------+---------+-------
        D:1 |      32 |       2 |   5.9 |      19 |       1 |   5.0
        D:2 |      40 |      12 |  23.1 |      18 |       6 |  25.0
        D:3 |      34 |       5 |  12.8 |      14 |       3 |  17.6
        D:4 |      15 |       0 |   0.0 |       2 |       0 |   0.0
            +---------+---------+-------+---------+---------+-------
